 Dungeon Crawl Stone Soup version 0.28.0-62-gf88900778d (webtiles) character file.

Game seed: 10465215106817035945

11272 AarnesTheHuman the Blocker (level 11, -3/89 HPs)
             Began as a Gnoll Fighter on Mar 12, 2023.
             Was a Believer of the Shining One.
             Slain by a komodo dragon (14 damage)
             ... on level 9 of the Dungeon on Mar 13, 2023.
             The game lasted 00:20:36 (14074 turns).

AarnesTheHuman the Blocker (Gnoll Fighter)         Turns: 14074, Time: 00:20:37

Health: -3/89      AC: 23    Str: 32    XL:     11   Next: 75%
Magic:  20/20      EV: 10    Int:  7    God:    the Shining One [**....]
Gold:   647        SH:  6    Dex: 12    Spells: 23/23 levels left

rFire   . . .      SeeInvis +   a - +7 mace "Zossiez" {elec, Will- Str+3 SInv}
rCold   . . .      Faith    .   c - +0 buckler
rNeg    + . .      Spirit   .   C - +0 plate armour {rPois}
rPois   +          Reflect  .   d - +0 hat
rElec   .          Harm     .   (no cloak)
rCorr   .          Rampage  .   G - +2 pair of gloves {Str+3}
Will    .....                   B - +0 pair of boots
Stlth   ..........              (no amulet)
HPRegen 0.24/turn               F - +6 ring of strength
MPRegen 0.17/turn               v - +4 ring of protection

@: glowing, studying Maces & Flails
A: fangs 1, strong nose, distributed training
a: Renounce Religion, Divine Shield


You were on level 9 of the Dungeon.
You worshipped the Shining One.
The Shining One was pleased with you.
You visited 3 branches of the dungeon, and saw 11 of its levels.
You also visited: Sewer and Bailey.

You collected 647 gold pieces.

Inventory:

Hand Weapons
 a - the +7 mace "Zossiez" (weapon) {elec, Will- Str+3 SInv}
   (You found it on level 8 of the Dungeon)

   It occasionally discharges a powerful burst of electricity upon striking a
   foe.
   Str:       It affects your strength (+3).
   SInv:      It lets you see invisible.
   Will:      It decreases your willpower.
 b - a +1 whip of freezing
 h - a +1 whip of electrocution
 E - a +4 whip
Missiles
 g - 84 bolts
 o - 8 poisoned darts (quivered)
 I - 4 throwing nets
Armour
 c - a +0 buckler (worn)
 d - a +0 hat (worn)
 q - the +5 plate armour "Keacugir" {rElec rC- Int+4 Dex+9}
   (You found it in a sewer)

   Int:       It affects your intelligence (+4).
   Dex:       It affects your dexterity (+9).
   rC:        It makes you vulnerable to cold.
   rElec:     It insulates you from electricity.
 B - a +0 pair of boots (worn)
 C - a +0 plate armour of poison resistance (worn)
 G - a +2 pair of gloves of strength (worn)
Jewellery
 v - a +4 ring of protection (right hand)
 w - an amulet of magic regeneration
 y - a ring of resist corrosion
 F - a +6 ring of strength (left hand)
Wands
 j - a wand of iceblast (6)
 m - a wand of polymorph (11)
 u - a wand of charming (6)
 A - a wand of digging (7)
 K - a wand of paralysis (12)
Scrolls
 f - 3 scrolls of fear
 k - 3 scrolls of teleportation
 t - a scroll of holy word {unknown}
Potions
 e - 7 potions of curing
 l - a potion of resistance
 p - a potion of berserk rage
 r - 2 potions of brilliance
 s - 2 potions of magic {unknown}
 D - 2 potions of attraction
 J - 2 potions of ambrosia
 N - a potion of lignification {unknown}
Miscellaneous
 H - a phantom mirror
 M - a tin of tremorstones (2/2)


   Skills:
 + Level 9.4 Fighting
 + Level 6.6 Short Blades
 + Level 6.6 Long Blades
 + Level 8.1 Axes
 + Level 8.9 Maces & Flails
 + Level 6.6 Polearms
 + Level 6.6 Staves
 + Level 6.6 Slings
 + Level 6.6 Bows
 + Level 6.6 Crossbows
 + Level 6.6 Throwing
 + Level 9.4 Armour
 + Level 6.6 Dodging
 + Level 6.6 Stealth
 + Level 9.4 Shields
 + Level 6.6 Unarmed Combat
 + Level 6.6 Spellcasting
 + Level 5.4 Conjurations
 + Level 5.4 Hexes
 + Level 5.4 Summonings
 + Level 5.4 Necromancy
 + Level 5.4 Translocations
 + Level 5.4 Transmutations
 + Level 5.4 Fire Magic
 + Level 5.4 Ice Magic
 + Level 5.4 Air Magic
 + Level 5.4 Earth Magic
 + Level 5.4 Poison Magic
 + Level 7.2 Invocations
 + Level 6.6 Evocations


You had 23 spell levels left.
You didn't know any spells.
Your spell library contained the following spells:

 Spells                   Type           Power      Damage    Failure   Level
 Magic Dart               Conj           36%        1d4       21%         1
 Corpse Rot               Necr/Air       18%        N/A       30%         2
 Searing Ray              Conj           18%        2d5       30%         2
 Call Canine Familiar     Summ           9%         N/A       52%         3
 Portal Projectile        Hex/Tloc       18%        N/A       52%         3
 Dispel Undead            Necr           9%         3d8       90%         4
 Fulminant Prism          Conj/Hex       4%         3d6       90%         4
 Leda's Liquefaction      Hex/Erth       4%         N/A       90%         4
 Death Channel            Necr           4%         N/A       100%        6


Dungeon Overview and Level Annotations

Branches:
Dungeon (9/15)             Temple (1/1) D:6            Lair (1/6) D:9
  Sewer (visited)          Bailey (visited)
    Orc: D:9-12

Altars:
Ashenzari
Cheibriados
Dithmenos
Elyvilon
Fedhas
Gozag
Hepliaklqana
Kikubaaqudgha
Makhleb
Nemelex Xobeh
Okawaru
Qazlal
Ru
Sif Muna
Trog
Uskayaw
Vehumet
Wu Jian
Xom
Yredelemnul
Zin
The Shining One

Shops:
D:4 !

Annotations:
D:7 1 runed translucent door, Crazy Yiuf
D:9 3 runed translucent doors, exclusion: 3 doors, AarnesTheHuman's ghost, journeyman HOFi
Lair:1 2 transporters


Innate Abilities, Weirdness & Mutations

You have very sharp teeth.
Your uncanny sense of smell can sniff out nearby items.
Your experience applies equally to all skills.


Message History

You sock the yak! Lightning courses through the yak!
You kill the yak!
You block the yak's attack. The komodo dragon bites you!
You block the yak's attack.
The yak gores you but does no damage. x2
You see here a yak corpse.
The yak gores you but does no damage. The yak barely misses you.
Okay, then.
Unknown command.
You sock the yak! You bite the yak, but do no damage.
The yak is moderately wounded.
The yak barely misses you.
You completely miss the komodo dragon.
You bite the komodo dragon, but do no damage.
The komodo dragon bites you but does no damage.
The yak gores you. You block the yak's attack.
You hit the komodo dragon.
The komodo dragon is lightly wounded.
The komodo dragon bites you!! You block the yak's attack. x2
You thump the komodo dragon!
The komodo dragon is moderately wounded.
The komodo dragon bites you but does no damage.
You block the yak's attack. The yak gores you but does no damage.
The komodo dragon bites you!
* * * LOW HITPOINT WARNING * * *
You hit the komodo dragon.
The komodo dragon is moderately wounded.
You block the yak's attack. The yak gores you but does no damage.
The komodo dragon bites you but does no damage.
You completely miss the komodo dragon.
The komodo dragon is moderately wounded.
The yak gores you but does no damage. The yak completely misses you.
The komodo dragon bites you!
* * * LOW HITPOINT WARNING * * *
As you read the scroll of fear, it crumbles to dust.
You assume a fearsome visage.
The yak looks frightened!
The komodo dragon easily resists.
The yak looks frightened!
The komodo dragon bites you!
You die...

####.## #........#
##..[.#..# ##.#
#........## #.####.##
#..# #.........# ###
#..# #..#####
#.........# #.###
#.###..# #........##
##.##. #.##...#
##......## #.....
##.##...# #Y.Y..## ###
#.#... #..#....##
##..l## ##.###.##..
#..#.....# ##@##
#...#.####. #.#.<....#
########.....# ##
##.##.....#
#.##≈♣≈##.##.# #
#..###....#
#.#..).≈###.## ...#
###..# ##.+....)≈ #.#
...## ####
#..+..)...##.# ....##
#..+D....♣#.## .....##
#..#W...♣##.######
......#
######..##♣≈≈##.......##


You could see a komodo dragon and 2 yaks.

Vanquished Creatures
  Gastronok (D:8)
  Harold (D:8)
  A hydra (Lair:1)
  An orc knight (Bailey)
  Pikel (D:9)
  Maurice (D:8)
  A black mamba (Lair:1)
  A cane toad (D:9)
  Psyche (D:8)
  Prince Ribbit (D:5)
  Sigmund (D:3)
  2 wyverns
  10 yaks
  A vampire (D:9)
  A steam dragon (D:9)
  2 basilisks (Lair:1)
  3 water moccasins
  4 sky beasts
  An ice beast (D:6)
  A necrophage (D:7)
  3 orc warriors
  6 wolves (D:9)
  3 ogres
  2 centaurs
  A lemure (D:9)
  A kobold brigand (D:7)
  6 bullfrogs
  A gnoll sergeant (D:9)
  4 scorpions
  A water moccasin zombie (D:5)
  5 killer bees (D:9)
  4 howler monkeys
  2 centaur zombies
  A jelly (D:7)
  3 orc priests
  A gnoll shaman (D:8)
  4 hounds
  A centaur skeleton (D:7)
  5 iguanas
  6 orc wizards
  2 hound zombies (D:5)
  A hound skeleton (D:4)
  A howler monkey zombie (D:8)
  12 gnolls
  A howler monkey skeleton (D:5)
  10 adders
  A shadow imp (D:6)
  2 worms
  2 dart slugs
  51 orcs
  14 ball pythons
  14 bats
  8 endoplasms
  4 giant cockroaches
  6 hobgoblins
  3 jackals (D:4)
  10 kobolds
  5 quokkas
  4 frilled lizards
  12 goblins
  8 rats
267 creatures vanquished.

Vanquished Creatures (collateral kills)
  2 orc warriors (Bailey)
2 creatures vanquished.

Vanquished Creatures (others)
  5 plants (D:9)
5 creatures vanquished.

Grand Total: 274 creatures vanquished

Notes
Turn   | Place    | Note
-------+----------+-------------------------------------------
     0 | D:1      | AarnesTheHuman the Gnoll Fighter began the quest for the
                  | Orb.
     0 | D:1      | Reached XP level 1. HP: 23/23 MP: 1/1
   163 | D:1      | Reached XP level 2. HP: 29/29 MP: 2/2
   441 | D:1      | Reached XP level 3. HP: 34/35 MP: 3/3
   812 | D:2      | Reached skill level 1 in Invocations
   901 | D:2      | Reached skill level 1 in Short Blades
   901 | D:2      | Reached skill level 1 in Long Blades
   901 | D:2      | Reached skill level 1 in Maces & Flails
   901 | D:2      | Reached skill level 1 in Polearms
   901 | D:2      | Reached skill level 1 in Staves
   901 | D:2      | Reached skill level 1 in Slings
   901 | D:2      | Reached skill level 1 in Bows
   901 | D:2      | Reached skill level 1 in Crossbows
   901 | D:2      | Reached skill level 1 in Throwing
   901 | D:2      | Reached skill level 1 in Dodging
   901 | D:2      | Reached skill level 1 in Stealth
   901 | D:2      | Reached skill level 1 in Unarmed Combat
   901 | D:2      | Reached skill level 1 in Spellcasting
   901 | D:2      | Reached skill level 1 in Evocations
  1156 | D:2      | Reached XP level 4. HP: 41/41 MP: 5/5
  1474 | D:2      | Reached skill level 1 in Conjurations
  1474 | D:2      | Reached skill level 1 in Hexes
  1474 | D:2      | Reached skill level 1 in Summonings
  1474 | D:2      | Reached skill level 1 in Necromancy
  1474 | D:2      | Reached skill level 1 in Translocations
  1474 | D:2      | Reached skill level 1 in Transmutations
  1474 | D:2      | Reached skill level 1 in Fire Magic
  1474 | D:2      | Reached skill level 1 in Ice Magic
  1474 | D:2      | Reached skill level 1 in Air Magic
  1474 | D:2      | Reached skill level 1 in Earth Magic
  1474 | D:2      | Reached skill level 1 in Poison Magic
  1669 | D:3      | Noticed Sigmund
  2327 | D:3      | Killed Sigmund
  2328 | D:3      | Reached XP level 5. HP: 47/47 MP: 5/7
  2328 | D:3      | Reached XP level 6. HP: 53/53 MP: 5/8
  2432 | D:3      | Found a hazy altar of Hepliaklqana.
  2484 | D:3      | Found a snail-covered altar of Cheibriados.
  2730 | D:3      | Found a faded altar of an unknown god.
  2737 | D:3      | Reached skill level 5 in Axes
  3076 | D:4      | Found a glowing drain.
  3085 | Sewer    | Entered a sewer
  3129 | Sewer    | Noticed a water moccasin
  3143 | Sewer    | Killed a water moccasin
  3144 | Sewer    | Reached XP level 7. HP: 25/59 MP: 10/10
  3386 | Sewer    | Identified the +5 plate armour "Keacugir" {rElec rC- Int+4
                  | Dex+9}
  3980 | D:4      | Found Fimeutze's Distillery.
  4285 | D:5      | Entered Level 5 of the Dungeon
  4295 | D:5      | Noticed Prince Ribbit
  4313 | D:5      | Killed Prince Ribbit
  4314 | D:5      | Reached XP level 8. HP: 67/67 MP: 12/12
  5608 | D:6      | Reached XP level 9. HP: 46/73 MP: 14/14
  6009 | D:6      | Found a staircase to the Ecumenical Temple.
  6018 | Temple   | Entered the Ecumenical Temple
  6415 | Temple   | Became a worshipper of the Shining One
  6533 | D:7      | Found a flagged portal.
  6553 | Bailey   | Entered a bailey
  6726 | Bailey   | Reached skill level 5 in Maces & Flails
  6877 | Bailey   | Noticed an orc knight
  6924 | Bailey   | Killed an orc knight
  7827 | D:7      | Reached skill level 5 in Invocations
  7902 | D:7      | Found a runed translucent door.
  7902 | D:7      | Noticed Crazy Yiuf
  8769 | D:7      | Reached XP level 10. HP: 72/80 MP: 17/17
  9315 | D:8      | Reached skill level 5 in Short Blades
  9315 | D:8      | Reached skill level 5 in Long Blades
  9315 | D:8      | Reached skill level 5 in Polearms
  9315 | D:8      | Reached skill level 5 in Staves
  9315 | D:8      | Reached skill level 5 in Slings
  9315 | D:8      | Reached skill level 5 in Bows
  9315 | D:8      | Reached skill level 5 in Crossbows
  9315 | D:8      | Reached skill level 5 in Throwing
  9315 | D:8      | Reached skill level 5 in Dodging
  9315 | D:8      | Reached skill level 5 in Stealth
  9315 | D:8      | Reached skill level 5 in Unarmed Combat
  9315 | D:8      | Reached skill level 5 in Spellcasting
  9315 | D:8      | Reached skill level 5 in Evocations
  9517 | D:8      | Noticed Gastronok
  9533 | D:8      | Killed Gastronok
  9801 | D:8      | Identified the +7 mace "Zossiez" {elec, Will- Str+3 SInv}
 10052 | D:8      | Reached * piety under the Shining One
 10150 | D:8      | Noticed Maurice
 10160 | D:8      | Killed Maurice
 10178 | D:8      | Noticed Psyche
 10246 | D:8      | Noticed Harold
 10260 | D:8      | Killed Psyche
 10281 | D:8      | Killed Harold
 10493 | D:8      | Reached XP level 11. HP: 87/87 MP: 19/19
 10938 | D:9      | Found a runed translucent gate.
 10953 | D:9      | Noticed Pikel
 10971 | D:9      | Killed Pikel
 10972 | D:9      | Reached skill level 5 in Conjurations
 10972 | D:9      | Reached skill level 5 in Hexes
 10972 | D:9      | Reached skill level 5 in Summonings
 10972 | D:9      | Reached skill level 5 in Necromancy
 10972 | D:9      | Reached skill level 5 in Translocations
 10972 | D:9      | Reached skill level 5 in Transmutations
 10972 | D:9      | Reached skill level 5 in Fire Magic
 10972 | D:9      | Reached skill level 5 in Ice Magic
 10972 | D:9      | Reached skill level 5 in Air Magic
 10972 | D:9      | Reached skill level 5 in Earth Magic
 10972 | D:9      | Reached skill level 5 in Poison Magic
 11339 | D:9      | Found a staircase to the Lair.
 11937 | D:9      | Found a runed translucent gate.
 11937 | D:9      | Found a runed translucent gate.
 11937 | D:9      | Noticed AarnesTheHuman's ghost (journeyman HOFi)
 11937 | D:9      | Noticed a nine-headed hydra
 12172 | D:9      | Found a staircase to the Lair.
 12607 | D:9      | Found a runed translucent gate.
 12607 | D:9      | Found a runed translucent gate.
 12608 | D:9      | Found a runed translucent gate.
 12717 | Lair:1   | Entered Level 1 of the Lair of Beasts
 13246 | Lair:1   | Noticed a six-headed hydra
 13264 | Lair:1   | Killed a six-headed hydra
 13554 | Lair:1   | Found a transporter.
 13557 | Lair:1   | Found a transporter.
 13558 | Lair:1   | Noticed a boulder beetle
 13862 | Lair:1   | Reached ** piety under the Shining One
 14074 | D:9      | Slain by a komodo dragon

Illustrated notes

Levels and vault maps discovered:
D:1:      lemuel_arrival_behind_the_door_large, layout_loops_cross
D:2:      layout_basic
D:3:      layout_basic, mainiacjoe_overflow_catch_the_wave,
          nicolae_ecumenical_snake_handling, uniq_sigmund
D:4:      layout_gridville, portal_sewer_entry_d, serial_shops, shop,
          minmay_manual_mess
D:5:      layout_loops_ring, uniq_prince_ribbit1
D:6:      layout_basic, minmay_temple_entry_crystal_x, st_stairs_10,
          nicolae_concentric_dashed_squares_wild
D:7:      layout_cave_pods, enter_bailey_5, uniq_crazy_yiuf_cottage
D:8:      layout_basic, uniq_psyche, uniq_gastronok, uniq_harold, uniq_maurice
D:9:      layout_cave_pods, lair_entry_dummy, gammafunk_ghost_hydra_chop,
          minmay_misc_feat_secret_circle, uniq_pikel
Temple:   mainiacjoe_temple_big_plus
Lair:1:   gammafunk_boulding_lane, layout_hall_layers,
          amcnicky_mini_pool_medium, uniq_maggie, uniq_sonja

Skill      XL: |  1  2  3  4  5  6  7  8  9 10 11 |
---------------+----------------------------------+-----
Invocations    | 1 2 3 4 5 6 7 |  7.2
Short Blades   | 1 2 3 4 5 6 |  6.6
Long Blades    | 1 2 3 4 5 6 |  6.6
Maces & Flails | 1 2 3 4 6 7 8 |  8.9
Polearms       | 1 2 3 4 5 6 |  6.6
Staves         | 1 2 3 4 5 6 |  6.6
Slings         | 1 2 3 4 5 6 |  6.6
Bows           | 1 2 3 4 5 6 |  6.6
Crossbows      | 1 2 3 4 5 6 |  6.6
Throwing       | 1 2 3 4 5 6 |  6.6
Dodging        | 1 2 3 4 5 6 |  6.6
Stealth        | 1 2 3 4 5 6 |  6.6
Unarmed Combat | 1 2 3 4 5 6 |  6.6
Spellcasting   | 1 2 3 4 5 6 |  6.6
Evocations     | 1 2 3 4 5 6 |  6.6
Conjurations   | 1 2 3 4 5 |  5.4
Hexes          | 1 2 3 4 5 |  5.4
Summonings     | 1 2 3 4 5 |  5.4
Necromancy     | 1 2 3 4 5 |  5.4
Translocations | 1 2 3 4 5 |  5.4
Transmutations | 1 2 3 4 5 |  5.4
Fire Magic     | 1 2 3 4 5 |  5.4
Ice Magic      | 1 2 3 4 5 |  5.4
Air Magic      | 1 2 3 4 5 |  5.4
Earth Magic    | 1 2 3 4 5 |  5.4
Poison Magic   | 1 2 3 4 5 |  5.4
Axes           | 5 6 7 8 |  8.1
Fighting       | 7 8 9 |  9.4
Armour         | 7 8 9 |  9.4
Shields        | 7 8 9 |  9.4

Action                   |  1- 3 |  4- 6 |  7- 9 | 10-12 || total
-------------------------+-------+-------+-------+-------++-------
Melee: War axe           |    87 |    75 |   168 |       ||   330
       Bite              |     7 |    12 |    61 |    44 ||   124
       Whip              |       |    79 |    30 |    17 ||   126
       Unarmed           |       |     2 |   205 |       ||   207
       Flail             |       |       |    83 |    58 ||   141
       Mace              |       |       |       |   191 ||   191
Throw: Dart              |       |     3 |     5 |       ||     8
       Throwing net      |       |       |     2 |       ||     2
Evoke: Wand              |       |       |     7 |     4 ||    11
  Use: Scroll            |       |     3 |     8 |     6 ||    17
       Potion            |       |     1 |       |     1 ||     2
Armor: Scale mail        |     2 |       |       |       ||     2
       Chain mail        |    45 |    95 |     7 |       ||   147
       Plate armour      |       |       |   325 |   241 ||   566
Dodge: Dodged            |    32 |    56 |   202 |   187 ||   477
Block: Buckler           |    30 |    44 |   190 |   121 ||   385
